TOP OF THE 1ST |
Amity Gardens Westerners batting - Pitching for Plymouth Cocks : RHP Luis Miguel Laqui
|
Pitching: RHP Luis Miguel Laqui
|
|
Batting: RHB Manny Olhoa
|
0-0: Swinging Strike 0-1: Foul Ball, location: 2F 0-2: Ball 1-2: Strikes out swinging, 2-3 out at first.
|
Batting: RHB Jorge García
|
0-0: Called Strike 0-1: Swinging Strike 0-2: Ball 1-2: Ball 2-2: Ball 3-2: Strikes out swinging
|
Batting: RHB Carlos Dumenigo
|
0-0: Called Strike 0-1: Foul Ball, location: 2F 0-2: SINGLE (Line Drive, 7S)
|
Batting: SHB Chris Barrett
|
0-0: Ball 1-0: Called Strike 1-1: Ball 2-1: Ball 3-1: Ground out U3 (Groundball, 3)
|
Top of the 1st over - 0 run(s), 1 hit(s), 0 error(s), 1 left on base; Amity Gardens 0 - Plymouth 0 |
BOTTOM OF THE 1ST |
Plymouth Cocks batting - Pitching for Amity Gardens Westerners : LHP Dan Thompson
|
Pitching: LHP Dan Thompson
|
|
Batting: SHB José Chávez
|
0-0: Ball 1-0: Ball 2-0: Called Strike 2-1: Ground out 6-3 (Groundball, 6)
|
Batting: SHB Bruce MacPherson
|
0-0: Called Strike 0-1: Foul Ball, location: 2F 0-2: Ball 1-2: Foul Ball, location: 2F 1-2: Strikes out swinging
|
Batting: RHB Jeffrey Barker
|
0-0: Fly out, F8 (Flyball, 8LS)
|
Bottom of the 1st over - 0 run(s), 0 hit(s), 0 error(s), 0 left on base; Amity Gardens 0 - Plymouth 0 |
TOP OF THE 2ND |
Amity Gardens Westerners batting - Pitching for Plymouth Cocks : RHP Luis Miguel Laqui
|
Batting: LHB Jack Mitchell
|
0-0: Foul Ball, location: 2F 0-1: Foul Ball, location: 2F 0-2: Ball 1-2: Strikes out swinging
|
Batting: RHB Jonathon García
|
0-0: Ball 1-0: Ball 2-0: Swinging Strike 2-1: Called Strike 2-2: Strikes out swinging
|
Batting: RHB Ánibal Vega
|
0-0: Foul Ball, location: 2F 0-1: Ball 1-1: Swinging Strike 1-2: Strikes out swinging
|
Top of the 2nd over - 0 run(s), 0 hit(s), 0 error(s), 0 left on base; Amity Gardens 0 - Plymouth 0 |
BOTTOM OF THE 2ND |
Plymouth Cocks batting - Pitching for Amity Gardens Westerners : LHP Dan Thompson
|
Batting: LHB Joe Vásquez
|
0-0: Swinging Strike 0-1: Ball 1-1: Ball 2-1: Foul Ball, location: 2F 2-2: Strikes out swinging
|
Batting: RHB Jason Cook
|
0-0: Ball 1-0: Ball 2-0: Ball 3-0: Called Strike 3-1: Base on Balls
|
Batting: RHB Sam Elder
|
0-0: Ball 1-0: Foul Ball, location: 2F 1-1: Swinging Strike 1-2: Foul Ball, location: 2F 1-2: Ball 2-2: Foul Ball, location: 2F 2-2: Ball 3-2: Fly out, F8 (Flyball, 8LM)
|
Batting: RHB Dwayne Roldán
|
0-0: Ball 1-0: Foul Ball, location: 2F 1-1: DOUBLE (Line Drive, 8RM) Jason Cook to third Runner from 3rd tries for Home, SAFE, no throw
|
Batting: RHB Rob Palmer
|
0-0: Ball 1-0: Swinging Strike 1-1: SINGLE (Groundball, 56D) Dwayne Roldán to third Runner from 3rd tries for Home, SAFE, no throw
|
Batting: RHB Lynn Johnson
|
0-0: Called Strike 0-1: Ball 1-1: Foul Ball, location: 2F 1-2: Strikes out looking
|
Bottom of the 2nd over - 2 run(s), 2 hit(s), 0 error(s), 1 left on base; Amity Gardens 0 - Plymouth 2 |
TOP OF THE 3RD |
Amity Gardens Westerners batting - Pitching for Plymouth Cocks : RHP Luis Miguel Laqui
|
Batting: RHB Pat Johnston
|
0-0: Called Strike 0-1: Called Strike 0-2: Foul Ball, location: 2F 0-2: Ball 1-2: Ball 2-2: Ball 3-2: Base on Balls
|
Batting: RHB Peng Shuai
|
0-0: Ball 1-0: Swinging Strike 1-1: Foul Ball, location: 2F 1-2: Strikes out swinging
|
Batting: RHB Manny Olhoa
|
0-0: Called Strike Pat Johnston steals 2nd base 0-1: Called Strike 0-2: Ball 1-2: Strikes out swinging
|
Batting: RHB Jorge García
|
0-0: Called Strike 0-1: Fly out, F4 (Popup, 4)
|
Top of the 3rd over - 0 run(s), 0 hit(s), 0 error(s), 1 left on base; Amity Gardens 0 - Plymouth 2 |
BOTTOM OF THE 3RD |
Plymouth Cocks batting - Pitching for Amity Gardens Westerners : LHP Dan Thompson
|
Batting: SHB José Chávez
|
0-0: Ball 1-0: Ball 2-0: Called Strike 2-1: Foul Ball, location: 2F 2-2: Strikes out swinging
|
Batting: SHB Bruce MacPherson
|
0-0: Foul Ball, location: 2F 0-1: Swinging Strike 0-2: Strikes out swinging
|
Batting: RHB Jeffrey Barker
|
0-0: Called Strike 0-1: Called Strike 0-2: Ball 1-2: Ball 2-2: Foul Ball, location: 2F 2-2: Foul Ball, location: 2F 2-2: Foul Ball, location: 2F 2-2: Foul Ball, location: 2F 2-2: TRIPLE (Line Drive, 7LS)
|
Batting: LHB Joe Vásquez
|
0-0: Ball 1-0: Ball 2-0: Ball 3-0: Called Strike 3-1: Base on Balls
|
Batting: RHB Jason Cook
|
0-0: Ball 1-0: Foul Ball, location: 2F 1-1: Fly out, F7 (Line Drive, 7)
|
Bottom of the 3rd over - 0 run(s), 1 hit(s), 0 error(s), 2 left on base; Amity Gardens 0 - Plymouth 2 |
TOP OF THE 4TH |
Amity Gardens Westerners batting - Pitching for Plymouth Cocks : RHP Luis Miguel Laqui
|
Batting: RHB Carlos Dumenigo
|
0-0: Called Strike 0-1: Fly out, F5 (Line Drive, 5S)
|
Batting: SHB Chris Barrett
|
0-0: Ball 1-0: Called Strike 1-1: Fly out, F8 (Flyball, 78D)
|
Batting: LHB Jack Mitchell
|
0-0: Ball 1-0: Called Strike 1-1: Called Strike 1-2: Ball 2-2: Strikes out looking
|
Top of the 4th over - 0 run(s), 0 hit(s), 0 error(s), 0 left on base; Amity Gardens 0 - Plymouth 2 |
BOTTOM OF THE 4TH |
Plymouth Cocks batting - Pitching for Amity Gardens Westerners : LHP Dan Thompson
|
Batting: RHB Sam Elder
|
0-0: Ball 1-0: Foul Ball, location: 2F 1-1: Ball 2-1: Swinging Strike 2-2: Foul Ball, location: 2F 2-2: Strikes out swinging
|
Batting: RHB Dwayne Roldán
|
0-0: Ball 1-0: Foul Ball, location: 2F 1-1: Foul Ball, location: 2F 1-2: Strikes out swinging
|
Batting: RHB Rob Palmer
|
0-0: Fly out, F9 (Flyball, 9LMF)
|
Bottom of the 4th over - 0 run(s), 0 hit(s), 0 error(s), 0 left on base; Amity Gardens 0 - Plymouth 2 |
TOP OF THE 5TH |
Amity Gardens Westerners batting - Pitching for Plymouth Cocks : RHP Luis Miguel Laqui
|
Batting: RHB Jonathon García
|
0-0: Ball 1-0: Ball 2-0: Swinging Strike 2-1: Ball 3-1: Base on Balls
|
Batting: RHB Ánibal Vega
|
0-0: Called Strike 0-1: Ball 1-1: Fly out, F9 (Flyball, 9)
|
Batting: RHB Pat Johnston
|
0-0: Ball 1-0: Ball 2-0: Ball 3-0: Base on Balls Jonathon García to second
|
Batting: RHB Peng Shuai
|
0-0: Called Strike 0-1: Ball 1-1: Ball 2-1: Swinging Strike 2-2: Foul Ball, location: 2F 2-2: Ball 3-2: Foul Ball, location: 2F 3-2: Strikes out swinging
|
Batting: RHB Manny Olhoa
|
0-0: Ball 1-0: Ball 2-0: Called Strike 2-1: Called Strike 2-2: Ball 3-2: Strikes out swinging
|
Top of the 5th over - 0 run(s), 0 hit(s), 0 error(s), 2 left on base; Amity Gardens 0 - Plymouth 2 |
BOTTOM OF THE 5TH |
Plymouth Cocks batting - Pitching for Amity Gardens Westerners : LHP Tony Grimes
|
Pitching: LHP Tony Grimes
|
|
Batting: RHB Lynn Johnson
|
0-0: SINGLE (Groundball, 6MS) (infield hit)
|
Batting: SHB José Chávez
|
0-0: Called Strike Lynn Johnson is caught stealing 2nd base 0-1: Reached on error, E5 (Groundball, 56)
|
Batting: SHB Bruce MacPherson
|
0-0: Intentional Walk
|
Batting: RHB Jeffrey Barker
|
0-0: Ball 1-0: Fly out, F9 (Flyball, 9S)
|
Batting: LHB Joe Vásquez
|
0-0: Ball 1-0: Called Strike 1-1: Swinging Strike 1-2: Ball 2-2: Ball 3-2: Foul Ball, location: 2F 3-2: Fly out, F7 (Line Drive, 7D)
|
Bottom of the 5th over - 0 run(s), 1 hit(s), 1 error(s), 2 left on base; Amity Gardens 0 - Plymouth 2 |
TOP OF THE 6TH |
Amity Gardens Westerners batting - Pitching for Plymouth Cocks : RHP Luis Miguel Laqui
|
Pitching: RHP Jorge Martínez
|
|
Batting: RHB Jorge García
|
0-0: Foul Ball, location: 2F 0-1: Foul Ball, location: 2F 0-2: Strikes out swinging
|
Batting: RHB Carlos Dumenigo
|
0-0: Called Strike 0-1: Ball 1-1: Called Strike 1-2: Fly out, F8 (Flyball, 8LM)
|
Batting: SHB Chris Barrett
|
0-0: Reached on error, E5 (Popup, 56)
|
Batting: LHB Jack Mitchell
|
0-0: Foul Ball, location: 2F 0-1: Foul Ball, location: 2F 0-2: Ball 1-2: Ball 2-2: Foul Ball, location: 2F 2-2: Fly out, F7 (Flyball, 7S)
|
Top of the 6th over - 0 run(s), 0 hit(s), 1 error(s), 1 left on base; Amity Gardens 0 - Plymouth 2 |
BOTTOM OF THE 6TH |
Plymouth Cocks batting - Pitching for Amity Gardens Westerners : LHP Tony Grimes
|
Batting: RHB Jason Cook
|
0-0: Foul Ball, location: 2F 0-1: Fly out, F8 (Flyball, 8LS)
|
Batting: RHB Sam Elder
|
0-0: Ground out 5-3 (Groundball, 56S)
|
Batting: RHB Dwayne Roldán
|
0-0: Ground out 4-3 (Groundball, 4M)
|
Bottom of the 6th over - 0 run(s), 0 hit(s), 0 error(s), 0 left on base; Amity Gardens 0 - Plymouth 2 |
TOP OF THE 7TH |
Amity Gardens Westerners batting - Pitching for Plymouth Cocks : RHP Jorge Martínez
|
Batting: RHB Jonathon García
|
0-0: Fly out, F8 (Flyball, 8RM)
|
Batting: RHB Ánibal Vega
|
0-0: Fly out, F4 (Popup, 4D)
|
Batting: RHB Pat Johnston
|
0-0: Ball 1-0: Called Strike 1-1: SINGLE (Line Drive, 9LS)
|
Batting: RHB Peng Shuai
|
0-0: Swinging Strike 0-1: Ball 1-1: Ball 2-1: Foul Ball, location: 2F 2-2: Ball Pat Johnston steals 2nd base 3-2: Strikes out looking
|
Top of the 7th over - 0 run(s), 1 hit(s), 0 error(s), 1 left on base; Amity Gardens 0 - Plymouth 2 |
BOTTOM OF THE 7TH |
Plymouth Cocks batting - Pitching for Amity Gardens Westerners : LHP Tony Grimes
|
Batting: RHB Rob Palmer
|
0-0: Ball 1-0: Foul Ball, location: 2F 1-1: Ball 2-1: SINGLE (Groundball, 6D)
|
Batting: RHB Lynn Johnson
|
0-0: Bunted foul 0-1: Sac Bunt - play at first, batter OUT! 2-4 Rob Palmer to second
|
Batting: SHB José Chávez
|
0-0: Ball 1-0: Ball 2-0: Ball 3-0: Base on Balls
|
Batting: SHB Bruce MacPherson
|
0-0: Fly out, F8 (Flyball, 8LD)
|
Pinch Hitting: RHB Rafael Hill
|
0-0: Called Strike 0-1: Ball 1-1: Called Strike 1-2: Strikes out swinging
|
Bottom of the 7th over - 0 run(s), 1 hit(s), 0 error(s), 2 left on base; Amity Gardens 0 - Plymouth 2 |
TOP OF THE 8TH |
Amity Gardens Westerners batting - Pitching for Plymouth Cocks : RHP Jorge Martínez
|
Now in RF: Rafael Vargas
|
|
Batting: RHB Manny Olhoa
|
0-0: Ball 1-0: Ball 2-0: Fly out, F7 (Flyball, 78M)
|
Batting: RHB Jorge García
|
0-0: Called Strike 0-1: Swinging Strike 0-2: Strikes out swinging
|
Batting: RHB Carlos Dumenigo
|
0-0: Foul Ball, location: 2F 0-1: Ball 1-1: Swinging Strike 1-2: Foul Ball, location: 2F 1-2: Ground out 5-3 (Groundball, 56)
|
Top of the 8th over - 0 run(s), 0 hit(s), 0 error(s), 0 left on base; Amity Gardens 0 - Plymouth 2 |
BOTTOM OF THE 8TH |
Plymouth Cocks batting - Pitching for Amity Gardens Westerners : LHP Tony Grimes
|
Pitching: LHP Rodrigo Freitas
|
|
Batting: LHB Joe Vásquez
|
0-0: Foul Ball, location: 2F 0-1: Ball 1-1: SINGLE (Groundball, 34D)
|
Batting: RHB Jason Cook
|
0-0: Foul Ball, location: 2F 0-1: Ball 1-1: Ball 2-1: Fly out, F9 (Line Drive, 89M)
|
Batting: RHB Sam Elder
|
0-0: Swinging Strike 0-1: Ball 1-1: Foul Ball, location: 2F 1-2: Strikes out looking
|
Batting: RHB Dwayne Roldán
|
0-0: Foul Ball, location: 2F 0-1: Ball 1-1: Ground out 6-3 (Groundball, 6S)
|
Bottom of the 8th over - 0 run(s), 1 hit(s), 0 error(s), 1 left on base; Amity Gardens 0 - Plymouth 2 |
TOP OF THE 9TH |
Amity Gardens Westerners batting - Pitching for Plymouth Cocks : RHP Jorge Martínez
|
Pitching: LHP Bill Martin
|
|
Batting: SHB Chris Barrett
|
0-0: Swinging Strike 0-1: Called Strike 0-2: Ball 1-2: Strikes out swinging
|
Batting: LHB Jack Mitchell
|
0-0: Ball 1-0: Ball 2-0: Called Strike 2-1: Ball 3-1: Foul Ball, location: 2F 3-2: Foul Ball, location: 2F 3-2: Strikes out looking
|
Batting: RHB Jonathon García
|
0-0: Called Strike 0-1: Ball 1-1: Swinging Strike 1-2: Strikes out swinging
|
Top of the 9th over - 0 run(s), 0 hit(s), 0 error(s), 0 left on base; Amity Gardens 0 - Plymouth 2 |
|